Map: Terrasses de Prion

Players

zidar

  • Race: Zerg Zerg
  • League: Silver
  • Spawn Location: 11:00

LiquidDanzel - Winner!

  • Race: Zerg Zerg
  • League: Silver
  • Spawn Location: 5:00

VOD

Have the link to the VOD?

Description

Time

  • Played on: Dec. 24, 2015, 12:15 p.m.
  • Length: 9:48
Show
View Real Time Build Order
Export as new Build Order

zidar Zerg 

Build Orders: Pool First 

Get SALT Encoding   

  12  0:21  Spawning Pool  
  11  0:31  Extractor, Drone x2  
  12  0:39  Overlord  
  12  1:08  Queen, Zergling x2  
  12  1:10  Zergling x2  
  16  1:13  Zergling x2  
  17  1:21  Zergling x2  
  18  1:32  Metabolic Boost  
  18  1:38  Zergling x2  
  19  1:41  Zergling x2  
  20  2:00  Overlord  
  20  2:03  Zergling x2  
  21  2:24  Zergling x2  
  21  2:25  Zergling x6  
  25  2:57  Zergling x2  
  25  2:58  Zergling x8  
  17  3:56  Zergling x12  
  21  4:10  Hatchery  
  20  4:29  Roach Warren, Drone x2  
  20  4:30  Drone x3  
  22  5:04  Zergling x6  
  22  5:05  Zergling x6  
  28  5:16  Queen  
  23  5:45  Roach  
  23  5:48  Roach x2  
  29  6:11  Hatchery  
  28  6:17  Roach  
  30  6:19  Overlord  
  30  6:27  Overlord x3  
  26  6:49  Roach x2  
  26  6:50  Roach x2  
  34  6:55  Ravager  
  34  6:57  Ravager  
  34  6:58  Ravager  
  37  7:13  Ravager  
  38  7:38  Roach  
  38  7:39  Roach  
  42  8:21  Roach  
  42  8:26  Roach x3  
Show
View Real Time Build Order
Export as new Build Order

LiquidDanzel Zerg - Winner!

Build Orders: Pool First 

Get SALT Encoding   

  12  0:02  Drone  
  13  0:17  Extractor  
  13  0:20  Drone x2  
  14  0:25  Overlord  
  14  0:42  Spawning Pool  
  13  0:46  Drone  
  14  0:51  Drone  
  15  0:58  Drone  
  16  1:05  Drone  
  17  1:16  Drone  
  18  1:29  Zergling x2  
  18  1:31  Queen  
  21  1:36  Zergling x2  
  21  1:38  Metabolic Boost  
  22  1:47  Overlord  
  22  2:11  Zergling x4  
  24  2:17  Hatchery  
  24  2:20  Baneling Nest  
  22  2:24  Zergling x2  
  23  2:31  Zergling x2  
  24  2:52  Spine Crawler  
  24  2:54  Zergling x8  
  28  3:10  Zergling x2  
  28  3:13  Baneling  
  28  3:14  Baneling  
  19  3:37  Zergling x4  
  19  3:38  Zergling x2  
  22  3:42  Roach Warren  
  21  3:54  Zergling x4  
  19  4:13  Zergling x2  
  19  4:14  Queen  
  22  4:20  Extractor  
  22  4:21  Baneling  
  22  4:22  Baneling  
  21  4:24  Zergling x2  
  21  4:25  Zergling x2  
  23  4:37  Drone  
  24  4:59  Hatchery  
  23  5:14  Roach x2  
  23  5:15  Roach  
  28  5:34  Roach  
  30  5:49  Overlord x2  
  27  6:04  Roach  
  27  6:09  Baneling x2  
  29  6:15  Drone x2  
  31  6:28  Roach  
  31  6:29  Roach  
  31  6:32  Hatchery  
  32  6:46  Roach x3  
  32  6:47  Roach  
  38  6:56  Queen  
  40  7:06  Drone x2  
  42  7:12  Drone  
  43  7:17  Drone  
  44  7:36  Overlord x2  
  44  7:52  Drone x3  
  44  7:53  Drone  
  48  8:07  Roach x2  
  52  8:23  Roach x3  
  58  8:37  Evolution Chamber  
  58  8:39  Lair  
  57  8:44  Roach x2  
  57  8:45  Roach  
  63  8:52  Roach  
  63  8:54  Overlord  
  65  9:01  Spine Crawler  
  64  9:26  Roach x4  
  64  9:27  Roach  
  64  9:29  Overlord  
Tags
 
Add a new tag
Caveats
  • Supply blocks, unpowered buildings, or Contaminate may cause inaccurate times.
  • Supply counts are checked every 10 seconds.